Connexion

Comets vs IceHogs

Created - 28 avril 2024 at 08:30

Goals
1 2 3 T
Comets 2 2 0 4
IceHogs 2 0 1 3
Shots
1 2 3 T
Comets 15 8 5 28
IceHogs 7 8 6 21

GoalsPenalties
1st period
1. Comets , Derek Ryan 10 (Trevor Lewis 6, Markus Niemelainen 7) at 0:17
2. IceHogs , Cameron Gaunce 2 (Cedric Paquette 3, Jean-Sébastien Dea 6) at 2:05 (PP)
3. IceHogs , Andrew Sturtz 2 (Brendan Gaunce 3) at 9:23
4. Comets , Frederik Gauthier 1 (Michael Raffl 3, Michael Joly 3) at 17:20
Brendan Smith (UTI) for Roughing (Minor) at 1:19
William Carrier (RCK) for Roughing (Minor) at 3:51
Frederic Allard (RCK) for Interference (Minor) at 14:54
2nd period
5. Comets , Jordan Schmaltz 1 (Frederik Gauthier 4, Brendan Smith 5) at 11:34 (PP)
6. Comets , Chris Terry 5 (Brandon Davidson 11, Markus Niemelainen 8) at 17:28
David Rittich (UTI) for Slashing (Minor) at 3:36 - Markus Niemelainen served the penalty.
Frederic Allard (RCK) for High sticking (Minor) at 10:40
3rd period
7. IceHogs , Jean-Sébastien Dea 7 (Colby Williams 1, Cedric Paquette 4) at 2:21
Charles Hudon (RCK) for Delaying the game (Minor) at 18:11
Goalie Stats
David Rittich (UTI), 18 saves from 21 shots - (0,857), W, 7-1-0, 60:00 minutes
Christopher Gibson (RCK), 24 saves from 28 shots - (0,857), L, 0-3-0, 60:00 minutes
3 StarsOfficial
1 - Frederik Gauthier (UTI)
2 - Markus Niemelainen (UTI)
3 - Chris Terry (UTI)
Referees : Tim Peel and Brad Watson
Linesman : Pierre Racicot and Andy McElman
Game Note
No Game Note
Finance
Level 1 -- Attendance: 2000 (100,00%) -- Ticket Income $70,000
Level 2 -- Attendance: 1000 (100,00%) -- Ticket Income $15,000
Total Attendance: 3000 (100,00%)
Total Ticket Income: $85,000
Other Income: $17,000
Total Income: $102,000



Team Name Goals Shots Shots Attemp Shots Blocked PIM HIT PP PK FO%
Comets 4285984171 / 4 (25%)153%
IceHogs 3214648171 / 2 (50%)147%

Comets
Player Name POS G A P +/- PIM HIT SHT SB MP PP MP PP SHT PK MP PK SHT FO% FOT
Brandon DavidsonD0111023024:274:2121:3500% 0
Brendan SmithD0110231014:180:4100:0000% 0
Chase De LeoC/LW0000001019:133:3300:00033% 3
Chris TerryLW/RW1010012122:233:0710:490100% 1
Cliff PuRW000000015:390:0000:0000% 1
Dennis YanLW000000105:390:0000:0000% 0
Derek RyanC1010005023:142:5111:56054% 35
Frederik GauthierC1121013011:050:1600:00073% 11
Jordan SchmaltzD1010001015:170:4110:5800% 0
Josh ArchibaldRW0000022019:133:3300:0000% 0
Kevin CzucmanD0000010221:141:3801:1000% 0
Logan NelsonC000000115:390:0000:00050% 10
Markus NiemelainenD0221021123:294:2100:3700% 0
Matt BartkowskiD0000022121:141:3821:1000% 0
Michael JolyRW0111000010:490:0000:0000% 0
Michael RafflLW/RW0111003011:050:1600:0000% 0
Trevor LewisC/RW0110032022:072:5100:4900% 2
Tyler AngleC0000000121:093:3301:56050% 24
IceHogs
Player Name POS G A P +/- PIM HIT SHT SB MP PP MP PP SHT PK MP PK SHT FO% FOT
Andrew SturtzRW1010002014:410:0000:0000% 1
Brandon GignacC000000001:240:0000:0000% 0
Brendan GaunceC/LW0110011014:490:0000:08061% 18
Cameron Gaunce D101-1002024:072:0412:4900% 0
Cedric PaquetteC/LW022-1024021:231:5604:15067% 3
Charles HudonLW/RW0000222119:040:4900:000100% 1
Colby WilliamsD011-1010024:072:0402:4900% 0
Colton SceviourC/LW/RW0000031016:280:0001:47080% 5
Danny O'ReganC/RW0000000019:050:4900:00067% 3
Dennis CholowskiD0000001020:490:4113:5100% 0
Erik CernakD0000040221:320:4103:5100% 0
Frederic AllardD0000400114:190:0000:0000% 0
Jack DoughertyD0000010014:210:0000:0000% 0
Jean-Sébastien DeaC/RW112-1004022:151:5604:05033% 30
Mikhail VorobyovC000000103:170:0000:08067% 3
Riley SheahanC0000010020:490:4901:44041% 22
William CarrierLW/RW000-1213017:371:5601:1300% 1
Zack O'BrienC/RW000001003:090:0000:0000% 0



Play-by-Play

1st period


0:01 of 1st period - Jean-Sébastien Dea wins face-off versus Derek Ryan in neutral zone.
0:13 of 1st period - Shot by Trevor Lewis.
0:13 of 1st period - Shot Misses the Net.
0:17 of 1st period - Shot by Derek Ryan.
0:17 of 1st period - Goal by Derek Ryan - Comets : 1 - IceHogs : 0.
0:18 of 1st period - Chase De Leo wins face-off versus Riley Sheahan in neutral zone.
0:18 of 1st period - Tyler Angle is hit by Charles Hudon and loses puck.
0:47 of 1st period - Shot by Tyler Angle.
0:47 of 1st period - Shot Misses the Net.
0:49 of 1st period - Shot by Josh Archibald.
0:49 of 1st period - Stopped by Christopher Gibson without a rebound.
0:50 of 1st period - Brendan Gaunce wins face-off versus Frederik Gauthier in IceHogs zone.
1:01 of 1st period - Shot by Michael Raffl.
1:01 of 1st period - Stopped by Christopher Gibson with a rebound.
1:18 of 1st period - Brendan Gaunce is hit by Brendan Smith and loses puck.
1:19 of 1st period - Minor Penalty to Brendan Smith for Roughing.
1:20 of 1st period - Derek Ryan wins face-off versus Jean-Sébastien Dea in Comets zone.
1:20 of 1st period - Derek Ryan is hit by William Carrier.
1:39 of 1st period - Icing by William Carrier.
1:40 of 1st period - Cedric Paquette wins face-off versus Derek Ryan in IceHogs zone.
2:05 of 1st period - Shot by Cameron Gaunce .
2:05 of 1st period - Goal by Cameron Gaunce - Comets : 1 - IceHogs : 1.
2:06 of 1st period - Logan Nelson wins face-off versus Riley Sheahan in neutral zone.
2:21 of 1st period - Shot by Riley Sheahan.
2:21 of 1st period - Shot Blocked by Logan Nelson.
2:36 of 1st period - Shot by Charles Hudon.
2:36 of 1st period - Shot Misses the Net.
3:43 of 1st period - Icing by Kevin Czucman.
3:44 of 1st period - Logan Nelson wins face-off versus Cedric Paquette in Comets zone.
3:51 of 1st period - Minor Penalty to William Carrier for Roughing.
3:52 of 1st period - Derek Ryan wins face-off versus Jean-Sébastien Dea in IceHogs zone.
3:53 of 1st period - Shot by Brandon Davidson.
3:53 of 1st period - Shot Misses the Net.
3:55 of 1st period - Shot by Brandon Davidson.
3:55 of 1st period - Stopped by Christopher Gibson without a rebound.
3:56 of 1st period - Derek Ryan wins face-off versus Jean-Sébastien Dea in IceHogs zone.
4:07 of 1st period - Shot by Brandon Davidson.
4:07 of 1st period - Stopped by Christopher Gibson without a rebound.
4:08 of 1st period - Jean-Sébastien Dea wins face-off versus Chase De Leo in IceHogs zone.
4:14 of 1st period - Icing by Tyler Angle.
4:15 of 1st period - Tyler Angle wins face-off versus Jean-Sébastien Dea in Comets zone.
4:41 of 1st period - Off-side.
4:42 of 1st period - Derek Ryan wins face-off versus Colton Sceviour in neutral zone.
5:35 of 1st period - Shot by Matt Bartkowski.
5:35 of 1st period - Stopped by Christopher Gibson without a rebound.
5:36 of 1st period - Colton Sceviour wins face-off versus Tyler Angle in IceHogs zone.
5:45 of 1st period - Shot by Kevin Czucman.
5:45 of 1st period - Shot Misses the Net.
5:47 of 1st period - Shot by Matt Bartkowski.
5:47 of 1st period - Stopped by Christopher Gibson without a rebound.
5:48 of 1st period - Tyler Angle wins face-off versus Jean-Sébastien Dea in IceHogs zone.
6:03 of 1st period - Shot by Michael Raffl.
6:03 of 1st period - Stopped by Christopher Gibson without a rebound.
6:04 of 1st period - Derek Ryan wins face-off versus Jean-Sébastien Dea in IceHogs zone.
6:09 of 1st period - Shot by Derek Ryan.
6:09 of 1st period - Shot Misses the Net.
6:25 of 1st period - Shot by William Carrier.
6:25 of 1st period - Stopped by David Rittich without a rebound.
6:26 of 1st period - Tyler Angle wins face-off versus Riley Sheahan in Comets zone.
6:35 of 1st period - Shot by Josh Archibald.
6:35 of 1st period - Stopped by Christopher Gibson with a rebound.
6:37 of 1st period - Shot by Tyler Angle.
6:37 of 1st period - Shot Misses the Net.
7:01 of 1st period - Shot by Cameron Gaunce .
7:01 of 1st period - Shot Misses the Net.
7:25 of 1st period - Shot by Trevor Lewis.
7:25 of 1st period - Shot Misses the Net.
7:47 of 1st period - Shot by Derek Ryan.
7:47 of 1st period - Shot Misses the Net.
7:49 of 1st period - Shot by Chris Terry.
7:49 of 1st period - Shot Misses the Net.
8:04 of 1st period - Charles Hudon is hit by Frederik Gauthier and loses puck.
8:17 of 1st period - Shot by Frederik Gauthier.
8:17 of 1st period - Shot Blocked by Charles Hudon.
8:19 of 1st period - Shot by Frederik Gauthier.
8:19 of 1st period - Stopped by Christopher Gibson with a rebound.
9:17 of 1st period - Shot by Cedric Paquette.
9:17 of 1st period - Stopped by David Rittich without a rebound.
9:18 of 1st period - Brendan Gaunce wins face-off versus Derek Ryan in Comets zone.
9:23 of 1st period - Shot by Andrew Sturtz.
9:23 of 1st period - Goal by Andrew Sturtz - Comets : 1 - IceHogs : 2.
9:24 of 1st period - Derek Ryan wins face-off versus Brendan Gaunce in neutral zone.
9:24 of 1st period - Derek Ryan is hit by Colton Sceviour.
9:39 of 1st period - Icing by Chris Terry.
9:40 of 1st period - Derek Ryan wins face-off versus Jean-Sébastien Dea in Comets zone.
9:55 of 1st period - Shot by Derek Ryan.
9:55 of 1st period - Shot Blocked by Erik Cernak.
10:52 of 1st period - Josh Archibald is hit by Colton Sceviour and loses puck.
11:16 of 1st period - Brendan Gaunce is hit by Brandon Davidson and loses puck.
11:21 of 1st period - Shot by Colton Sceviour.
11:21 of 1st period - Shot Misses the Net.
12:08 of 1st period - Off-side.
12:09 of 1st period - Logan Nelson wins face-off versus Riley Sheahan in neutral zone.
12:18 of 1st period - Shot by Dennis Yan.
12:18 of 1st period - Stopped by Christopher Gibson without a rebound.
12:19 of 1st period - Brendan Gaunce wins face-off versus Derek Ryan in IceHogs zone.
12:19 of 1st period - Brendan Gaunce is hit by Chris Terry.
12:22 of 1st period - Icing by Andrew Sturtz.
12:23 of 1st period - Derek Ryan wins face-off versus Brendan Gaunce in IceHogs zone.
12:24 of 1st period - Shot by Trevor Lewis.
12:24 of 1st period - Shot Misses the Net.
12:33 of 1st period - Brendan Gaunce is hit by Matt Bartkowski and loses puck.
12:40 of 1st period - Shot by Andrew Sturtz.
12:40 of 1st period - Stopped by David Rittich with a rebound.
13:09 of 1st period - Derek Ryan is hit by Zack O'Brien and loses puck.
14:15 of 1st period - Off-side.
14:16 of 1st period - Brendan Gaunce wins face-off versus Tyler Angle in neutral zone.
14:25 of 1st period - Shot by Andrew Sturtz.
14:25 of 1st period - Shot Misses the Net.
14:27 of 1st period - Shot by Colton Sceviour.
14:27 of 1st period - Shot Misses the Net.
14:29 of 1st period - Shot by Brendan Gaunce.
14:29 of 1st period - Shot Blocked by Markus Niemelainen.
14:31 of 1st period - Shot by Brendan Gaunce.
14:31 of 1st period - Shot Blocked by Tyler Angle.
14:33 of 1st period - Shot by Brendan Gaunce.
14:33 of 1st period - Shot Misses the Net.
14:38 of 1st period - Icing by Brandon Davidson.
14:39 of 1st period - Danny O'Regan wins face-off versus Tyler Angle in Comets zone.
14:49 of 1st period - Off-side.
14:50 of 1st period - Frederik Gauthier wins face-off versus Jean-Sébastien Dea in neutral zone.
14:54 of 1st period - Minor Penalty to Frederic Allard for Interference.
14:55 of 1st period - Jean-Sébastien Dea wins face-off versus Tyler Angle in IceHogs zone.
15:27 of 1st period - Icing by Markus Niemelainen.
15:28 of 1st period - Cedric Paquette wins face-off versus Tyler Angle in Comets zone.
15:56 of 1st period - Matt Bartkowski is hit by Erik Cernak and loses puck.
16:54 of 1st period - Chase De Leo is hit by Jack Dougherty.
17:10 of 1st period - Shot by Frederik Gauthier.
17:10 of 1st period - Stopped by Christopher Gibson with a rebound.
17:12 of 1st period - Shot by Michael Raffl.
17:12 of 1st period - Shot Misses the Net.
17:20 of 1st period - Shot by Frederik Gauthier.
17:20 of 1st period - Goal by Frederik Gauthier - Comets : 2 - IceHogs : 2.
17:21 of 1st period - Danny O'Regan wins face-off versus Logan Nelson in neutral zone.
17:48 of 1st period - Shot by Danny O'Regan.
17:48 of 1st period - Deflect By Charles Hudon.
17:48 of 1st period - Stopped by David Rittich without a rebound.
17:49 of 1st period - Derek Ryan wins face-off versus Brendan Gaunce in Comets zone.
17:53 of 1st period - Icing by Derek Ryan.
17:54 of 1st period - Jean-Sébastien Dea wins face-off versus Trevor Lewis in Comets zone.
18:02 of 1st period - Icing by Brendan Smith.
18:03 of 1st period - Riley Sheahan wins face-off versus Derek Ryan in Comets zone.
18:30 of 1st period - Shot by Derek Ryan.
18:30 of 1st period - Stopped by Christopher Gibson without a rebound.
18:31 of 1st period - Tyler Angle wins face-off versus Jean-Sébastien Dea in IceHogs zone.
19:02 of 1st period - Shot by Dennis Cholowski.
19:02 of 1st period - Shot Misses the Net.
19:04 of 1st period - Shot by William Carrier.
19:04 of 1st period - Deflect By Jean-Sébastien Dea.
19:04 of 1st period - Shot Misses the Net.
19:06 of 1st period - Shot by Cedric Paquette.
19:06 of 1st period - Deflect By Jean-Sébastien Dea.
19:06 of 1st period - Stopped by David Rittich with a rebound.
19:11 of 1st period - Jean-Sébastien Dea is hit by Markus Niemelainen and loses puck.
19:52 of 1st period - Shot by Kevin Czucman.
19:52 of 1st period - Shot Misses the Net.
19:54 of 1st period - Shot by Derek Ryan.
19:54 of 1st period - Stopped by Christopher Gibson without a rebound.
19:55 of 1st period - Colton Sceviour wins face-off versus Frederik Gauthier in IceHogs zone.
Goals for this period are 2 for Comets vs 2 for IceHogs.
Shots for this period are 15 for Comets vs 7 for IceHogs.

2nd period


0:01 of 2nd period - Jean-Sébastien Dea wins face-off versus Derek Ryan in neutral zone.
0:01 of 2nd period - Colby Williams is hit by Trevor Lewis and loses puck.
0:17 of 2nd period - William Carrier is hit by Brandon Davidson and loses puck.
0:38 of 2nd period - Shot by Cedric Paquette.
0:38 of 2nd period - Stopped by David Rittich with a rebound.
1:37 of 2nd period - Matt Bartkowski is hit by Erik Cernak and loses puck.
1:55 of 2nd period - Colton Sceviour is hit by Josh Archibald and loses puck.
2:17 of 2nd period - Icing by Jack Dougherty.
2:18 of 2nd period - Riley Sheahan wins face-off versus Logan Nelson in IceHogs zone.
3:11 of 2nd period - Shot by Tyler Angle.
3:11 of 2nd period - Shot Misses the Net.
3:24 of 2nd period - Icing by Chase De Leo.
3:25 of 2nd period - Tyler Angle wins face-off versus Jean-Sébastien Dea in Comets zone.
3:27 of 2nd period - Brandon Davidson is hit by Cedric Paquette and loses puck.
3:32 of 2nd period - Shot by William Carrier.
3:32 of 2nd period - Shot Misses the Net.
3:34 of 2nd period - Shot by Colby Williams.
3:34 of 2nd period - Shot Misses the Net.
3:36 of 2nd period - Shot by William Carrier.
3:36 of 2nd period - Stopped by David Rittich without a rebound.
3:36 of 2nd period - Minor Penalty to David Rittich for Slashing.
3:37 of 2nd period - Derek Ryan wins face-off versus Jean-Sébastien Dea in Comets zone.
3:57 of 2nd period - Icing by Colby Williams.
3:58 of 2nd period - Jean-Sébastien Dea wins face-off versus Derek Ryan in IceHogs zone.
4:04 of 2nd period - Shot by Jean-Sébastien Dea.
4:04 of 2nd period - Shot Hit the Post.
4:15 of 2nd period - Icing by Colby Williams.
4:16 of 2nd period - Derek Ryan wins face-off versus Jean-Sébastien Dea in IceHogs zone.
4:30 of 2nd period - Shot by Tyler Angle.
4:30 of 2nd period - Shot Misses the Net.
5:27 of 2nd period - Shot by Dennis Cholowski.
5:27 of 2nd period - Stopped by David Rittich without a rebound.
5:28 of 2nd period - Riley Sheahan wins face-off versus Derek Ryan in Comets zone.
5:47 of 2nd period - Shot by Colton Sceviour.
5:47 of 2nd period - Shot Misses the Net.
5:49 of 2nd period - Shot by Brendan Gaunce.
5:49 of 2nd period - Shot Misses the Net.
5:51 of 2nd period - Shot by Andrew Sturtz.
5:51 of 2nd period - Shot Blocked by Kevin Czucman.
6:09 of 2nd period - Shot by Colton Sceviour.
6:09 of 2nd period - Stopped by David Rittich without a rebound.
6:10 of 2nd period - Logan Nelson wins face-off versus Mikhail Vorobyov in Comets zone.
6:25 of 2nd period - Shot by Logan Nelson.
6:25 of 2nd period - Stopped by Christopher Gibson without a rebound.
6:26 of 2nd period - Derek Ryan wins face-off versus Riley Sheahan in IceHogs zone.
6:27 of 2nd period - Shot by Markus Niemelainen.
6:27 of 2nd period - Stopped by Christopher Gibson without a rebound.
6:28 of 2nd period - Derek Ryan wins face-off versus Jean-Sébastien Dea in IceHogs zone.
6:42 of 2nd period - Jean-Sébastien Dea is hit by Markus Niemelainen and loses puck.
6:53 of 2nd period - Shot by Cedric Paquette.
6:53 of 2nd period - Stopped by David Rittich without a rebound.
6:54 of 2nd period - Tyler Angle wins face-off versus Danny O'Regan in Comets zone.
7:29 of 2nd period - Charles Hudon is hit by Josh Archibald and loses puck.
7:47 of 2nd period - Icing by Danny O'Regan.
7:48 of 2nd period - Riley Sheahan wins face-off versus Derek Ryan in IceHogs zone.
7:48 of 2nd period - Riley Sheahan is hit by Trevor Lewis.
8:45 of 2nd period - Icing by Brandon Davidson.
8:46 of 2nd period - Brendan Gaunce wins face-off versus Derek Ryan in Comets zone.
9:03 of 2nd period - Shot by Brendan Gaunce.
9:03 of 2nd period - Stopped by David Rittich without a rebound.
9:04 of 2nd period - Tyler Angle wins face-off versus Riley Sheahan in Comets zone.
9:12 of 2nd period - Chase De Leo is hit by Erik Cernak and loses puck.
10:40 of 2nd period - Minor Penalty to Frederic Allard for High sticking.
10:41 of 2nd period - Colton Sceviour wins face-off versus Trevor Lewis in IceHogs zone.
10:56 of 2nd period - Shot by Derek Ryan.
10:56 of 2nd period - Stopped by Christopher Gibson with a rebound.
11:34 of 2nd period - Shot by Jordan Schmaltz.
11:34 of 2nd period - Goal by Jordan Schmaltz - Comets : 3 - IceHogs : 2.
11:35 of 2nd period - Riley Sheahan wins face-off versus Logan Nelson in neutral zone.
11:42 of 2nd period - Shot by Danny O'Regan.
11:42 of 2nd period - Shot Misses the Net.
11:54 of 2nd period - Icing by Riley Sheahan.
11:55 of 2nd period - Frederik Gauthier wins face-off versus Riley Sheahan in IceHogs zone.
12:16 of 2nd period - Shot by Michael Raffl.
12:16 of 2nd period - Shot Misses the Net.
12:36 of 2nd period - Icing by Frederic Allard.
12:37 of 2nd period - Riley Sheahan wins face-off versus Derek Ryan in IceHogs zone.
13:00 of 2nd period - Shot by Trevor Lewis.
13:00 of 2nd period - Stopped by Christopher Gibson without a rebound.
13:01 of 2nd period - Tyler Angle wins face-off versus Andrew Sturtz in IceHogs zone.
13:20 of 2nd period - Shot by Tyler Angle.
13:20 of 2nd period - Shot Misses the Net.
13:23 of 2nd period - Icing by Cameron Gaunce .
13:24 of 2nd period - Brendan Gaunce wins face-off versus Derek Ryan in IceHogs zone.
13:26 of 2nd period - Andrew Sturtz is hit by Trevor Lewis and loses puck.
13:30 of 2nd period - Colby Williams is hit by Kevin Czucman.
13:34 of 2nd period - Shot by Cameron Gaunce .
13:34 of 2nd period - Stopped by David Rittich without a rebound.
13:35 of 2nd period - Frederik Gauthier wins face-off versus Jean-Sébastien Dea in Comets zone.
13:44 of 2nd period - Icing by Erik Cernak.
13:45 of 2nd period - Jean-Sébastien Dea wins face-off versus Derek Ryan in IceHogs zone.
13:59 of 2nd period - Icing by Brandon Davidson.
14:00 of 2nd period - Derek Ryan wins face-off versus Brendan Gaunce in Comets zone.
14:07 of 2nd period - Shot by Derek Ryan.
14:07 of 2nd period - Stopped by Christopher Gibson without a rebound.
14:08 of 2nd period - Frederik Gauthier wins face-off versus Jean-Sébastien Dea in IceHogs zone.
14:25 of 2nd period - Shot by William Carrier.
14:25 of 2nd period - Stopped by David Rittich without a rebound.
14:26 of 2nd period - Derek Ryan wins face-off versus Riley Sheahan in Comets zone.
14:33 of 2nd period - Shot by Derek Ryan.
14:33 of 2nd period - Shot Blocked by Erik Cernak.
14:46 of 2nd period - Icing by Derek Ryan.
14:47 of 2nd period - Derek Ryan wins face-off versus Jean-Sébastien Dea in Comets zone.
15:31 of 2nd period - Chase De Leo is hit by Cedric Paquette and loses puck.
16:11 of 2nd period - Icing by Brendan Gaunce.
16:12 of 2nd period - Frederik Gauthier wins face-off versus Brendan Gaunce in IceHogs zone.
16:13 of 2nd period - Shot by Brendan Smith.
16:13 of 2nd period - Stopped by Christopher Gibson without a rebound.
16:14 of 2nd period - Charles Hudon wins face-off versus Frederik Gauthier in IceHogs zone.
16:44 of 2nd period - Jack Dougherty is hit by Brendan Smith and loses puck.
17:28 of 2nd period - Shot by Chris Terry.
17:28 of 2nd period - Goal by Chris Terry - Comets : 4 - IceHogs : 2.
17:29 of 2nd period - Brendan Gaunce wins face-off versus Tyler Angle in neutral zone.
17:32 of 2nd period - Shot by Dennis Cholowski.
17:32 of 2nd period - Shot Blocked by Matt Bartkowski.
17:47 of 2nd period - Icing by Tyler Angle.
17:48 of 2nd period - Mikhail Vorobyov wins face-off versus Tyler Angle in Comets zone.
17:48 of 2nd period - Zack O'Brien is hit by Matt Bartkowski and loses puck.
18:33 of 2nd period - Icing by Kevin Czucman.
18:34 of 2nd period - Tyler Angle wins face-off versus Riley Sheahan in Comets zone.
19:59 of 2nd period - Shot by Frederik Gauthier.
19:59 of 2nd period - Shot Blocked by Frederic Allard.
Goals for this period are 2 for Comets vs 0 for IceHogs.
Shots for this period are 8 for Comets vs 8 for IceHogs.

3rd period


0:01 of 3rd period - Jean-Sébastien Dea wins face-off versus Derek Ryan in neutral zone.
0:11 of 3rd period - Off-side.
0:12 of 3rd period - Riley Sheahan wins face-off versus Tyler Angle in neutral zone.
0:19 of 3rd period - Shot by Danny O'Regan.
0:19 of 3rd period - Shot Misses the Net.
0:32 of 3rd period - Icing by Erik Cernak.
0:33 of 3rd period - Derek Ryan wins face-off versus Riley Sheahan in IceHogs zone.
0:33 of 3rd period - Chris Terry is hit by Erik Cernak and loses puck.
0:59 of 3rd period - Off-side.
1:00 of 3rd period - Frederik Gauthier wins face-off versus William Carrier in neutral zone.
1:26 of 3rd period - Off-side.
1:27 of 3rd period - Chris Terry wins face-off versus Brendan Gaunce in neutral zone.
2:04 of 3rd period - Trevor Lewis is hit by Brendan Gaunce and loses puck.
2:21 of 3rd period - Shot by Jean-Sébastien Dea.
2:21 of 3rd period - Goal by Jean-Sébastien Dea - Comets : 4 - IceHogs : 3.
2:22 of 3rd period - Tyler Angle wins face-off versus Riley Sheahan in neutral zone.
2:31 of 3rd period - Shot by Josh Archibald.
2:31 of 3rd period - Shot Misses the Net.
2:33 of 3rd period - Shot by Josh Archibald.
2:33 of 3rd period - Shot Misses the Net.
2:35 of 3rd period - Shot by Josh Archibald.
2:35 of 3rd period - Shot Hit the Post.
2:58 of 3rd period - Icing by Chase De Leo.
2:59 of 3rd period - Jean-Sébastien Dea wins face-off versus Tyler Angle in Comets zone.
3:06 of 3rd period - Shot by Chase De Leo.
3:06 of 3rd period - Stopped by Christopher Gibson without a rebound.
3:07 of 3rd period - Frederik Gauthier wins face-off versus Jean-Sébastien Dea in IceHogs zone.
4:24 of 3rd period - Brendan Gaunce is hit by Brendan Smith and loses puck.
4:39 of 3rd period - Shot by Derek Ryan.
4:39 of 3rd period - Deflect By Trevor Lewis.
4:39 of 3rd period - Stopped by Christopher Gibson without a rebound.
4:40 of 3rd period - Derek Ryan wins face-off versus Riley Sheahan in IceHogs zone.
4:43 of 3rd period - Shot by Chris Terry.
4:43 of 3rd period - Shot Misses the Net.
4:45 of 3rd period - Shot by Markus Niemelainen.
4:45 of 3rd period - Shot Misses the Net.
5:42 of 3rd period - Icing by Matt Bartkowski.
5:43 of 3rd period - Tyler Angle wins face-off versus Jean-Sébastien Dea in Comets zone.
6:30 of 3rd period - Icing by Matt Bartkowski.
6:31 of 3rd period - Brendan Gaunce wins face-off versus Chase De Leo in Comets zone.
6:49 of 3rd period - Off-side.
6:50 of 3rd period - Riley Sheahan wins face-off versus Derek Ryan in neutral zone.
7:10 of 3rd period - Icing by Brandon Davidson.
7:11 of 3rd period - Brendan Gaunce wins face-off versus Derek Ryan in Comets zone.
7:14 of 3rd period - Shot by Cameron Gaunce .
7:14 of 3rd period - Shot Blocked by Chris Terry.
7:26 of 3rd period - Shot by Brandon Davidson.
7:26 of 3rd period - Shot Misses the Net.
7:28 of 3rd period - Shot by Brandon Davidson.
7:28 of 3rd period - Stopped by Christopher Gibson with a rebound.
8:01 of 3rd period - Chris Terry is hit by Colton Sceviour and loses puck.
9:23 of 3rd period - Off-side.
9:24 of 3rd period - Jean-Sébastien Dea wins face-off versus Logan Nelson in neutral zone.
9:37 of 3rd period - Shot by Cedric Paquette.
9:37 of 3rd period - Stopped by David Rittich with a rebound.
9:53 of 3rd period - Shot by Jean-Sébastien Dea.
9:53 of 3rd period - Stopped by David Rittich without a rebound.
9:54 of 3rd period - Riley Sheahan wins face-off versus Tyler Angle in Comets zone.
9:55 of 3rd period - Shot by Danny O'Regan.
9:55 of 3rd period - Shot Misses the Net.
9:57 of 3rd period - Shot by Jack Dougherty.
9:57 of 3rd period - Deflect By Charles Hudon.
9:57 of 3rd period - Stopped by David Rittich with a rebound.
10:23 of 3rd period - Shot by Riley Sheahan.
10:23 of 3rd period - Shot Misses the Net.
10:31 of 3rd period - Shot by Tyler Angle.
10:31 of 3rd period - Shot Misses the Net.
11:55 of 3rd period - Shot by Mikhail Vorobyov.
11:55 of 3rd period - Stopped by David Rittich with a rebound.
13:07 of 3rd period - Shot by Cedric Paquette.
13:07 of 3rd period - Shot Blocked by Kevin Czucman.
13:31 of 3rd period - Shot by Jean-Sébastien Dea.
13:31 of 3rd period - Stopped by David Rittich without a rebound.
13:32 of 3rd period - Brendan Gaunce wins face-off versus Logan Nelson in Comets zone.
14:39 of 3rd period - Chase De Leo is hit by Riley Sheahan and loses puck.
14:51 of 3rd period - Icing by Cameron Gaunce .
14:52 of 3rd period - Derek Ryan wins face-off versus Riley Sheahan in IceHogs zone.
14:57 of 3rd period - Shot by Markus Niemelainen.
14:57 of 3rd period - Shot Misses the Net.
15:40 of 3rd period - Icing by Cedric Paquette.
15:41 of 3rd period - Frederik Gauthier wins face-off versus Jean-Sébastien Dea in IceHogs zone.
16:13 of 3rd period - Shot by Michael Joly.
16:13 of 3rd period - Shot Misses the Net.
16:15 of 3rd period - Shot by Michael Raffl.
16:15 of 3rd period - Shot Misses the Net.
16:17 of 3rd period - Shot by Michael Raffl.
16:17 of 3rd period - Stopped by Christopher Gibson without a rebound.
16:18 of 3rd period - Tyler Angle wins face-off versus Brendan Gaunce in IceHogs zone.
16:26 of 3rd period - Off-side.
16:27 of 3rd period - Brendan Gaunce wins face-off versus Cliff Pu in neutral zone.
16:58 of 3rd period - Shot by Andrew Sturtz.
16:58 of 3rd period - Shot Blocked by Cliff Pu.
17:13 of 3rd period - Icing by Logan Nelson.
17:14 of 3rd period - Logan Nelson wins face-off versus Jean-Sébastien Dea in Comets zone.
17:30 of 3rd period - Trevor Lewis is hit by Colby Williams.
18:09 of 3rd period - Kevin Czucman is hit by Charles Hudon and loses puck.
18:11 of 3rd period - Minor Penalty to Charles Hudon for Delaying the game.
18:12 of 3rd period - Colton Sceviour wins face-off versus Tyler Angle in IceHogs zone.
19:14 of 3rd period - Shot by Chris Terry.
19:14 of 3rd period - Stopped by Christopher Gibson with a rebound.
19:16 of 3rd period - Shot by Kevin Czucman.
19:16 of 3rd period - Shot Misses the Net.
19:45 of 3rd period - Off-side.
19:46 of 3rd period - Mikhail Vorobyov wins face-off versus Tyler Angle in neutral zone.
Goals for this period are 0 for Comets vs 1 for IceHogs.
Shots for this period are 5 for Comets vs 6 for IceHogs.